 Dungeon Crawl Stone Soup version 0.28.0-45-g0d030f2227 (webtiles) character file.

Game seed: 618306434800389434

102 zeratav the Insei (level 4, -4/29 HPs)
             Began as an Octopode Transmuter on Apr 7, 2022.
             Killed by nerve-wracking pain
             ... invoked by an orc priest
              (7 damage)
             ... on level 3 of the Dungeon.
             The game lasted 00:05:10 (3370 turns).

zeratav the Insei (Octopode Transmuter)             Turns: 3370, Time: 00:05:10

Health: -4/29      AC:  1    Str:  9    XL:     4   Next: 77%
Magic:  7/7        EV: 13    Int: 15    God:
Gold:   77         SH:  0    Dex: 14    Spells: 6/7 levels left

rFire   . . .      SeeInvis .   h - +2 dagger (venom) {short}
rCold   . . .      Faith    .   (no shield)
rNeg    . . .      Spirit   .   (helmet restricted)
rPois   .          Reflect  .   (no amulet)
rElec   .          Harm     .   (no ring)
rCorr   .          Rampage  .   (no ring)
Will    .....                   (no ring)
Stlth   +++.......              (no ring)
HPRegen 0.09/turn               (no ring)
MPRegen 0.10/turn               (no ring)
                                (no ring)
                                (no ring)

@: no status effects
A: almost no armour, amphibious, 8 rings, camouflage 1, gelatinous body 1,
(nimble swimmer 1), tentacles
a: no special abilities


You were on level 3 of the Dungeon.
You visited 1 branch of the dungeon, and saw 3 of its levels.

You collected 77 gold pieces.


Innate Abilities, Weirdness & Mutations

You cannot wear most types of armour.
You are amphibious.
You can wear up to eight rings at the same time.
Your skin changes colour to match your surroundings (Stealth+).
Your rubbery body absorbs attacks. (AC +1, EV +1)
((You are camouflaged when in or above water. (Stealth+)))
You have tentacles for arms and can constrict up to eight enemies at once.


   Skills:
 + Level 2.0 Fighting
 + Level 2.4 Dodging
 + Level 2.2 Stealth
 * Level 4.0 Unarmed Combat
 - Level 2.0 Spellcasting
 + Level 2.6 Transmutations


You had 6 spell levels left.
You knew the following spells:

 Your Spells              Type           Power      Damage    Failure   Level
a - Beastly Appendage     Tmut           18%        N/A       8%          1

Your spell library contained the following spells:

 Spells                   Type           Power      Damage    Failure   Level
 Wereblood                Tmut           9%         N/A       12%         2
 Spider Form              Tmut/Pois      5%         N/A       36%         3
 Dazzling Flash           Conj/Hex       2%         N/A       54%         3
 Ice Form                 Ice/Tmut       5%         N/A       78%         4
 Iskenderun's Mystic Bla  Conj/Tloc      1%         2d3       91%         4
 Starburst                Conj/Fire      0%         6d3       100%        6

Inventory:

Hand Weapons
 h - a +2 dagger of venom (weapon) {short}
   (You took it off a kobold on level 2 of the Dungeon)
Missiles
 c - 7 javelins {throwing}
 i - 9 poisoned darts {throwing}
Wands
 j - a wand of mindburst (7)
   (You found it on level 3 of the Dungeon)
 k - a wand of digging (1)
   (You took it off Robin on level 3 of the Dungeon)
Scrolls
 a - a scroll of enchant armour {unknown}
 e - 2 scrolls of vulnerability {unknown}
 f - a scroll of identify {unknown}
 g - a scroll of fog {unknown}
Potions
 b - a potion of might {unknown}
 d - 2 potions of resistance {unknown}

Dungeon Overview and Level Annotations

Branches:
Dungeon (3/15)

Altars:
Zin

#...#..#....########.# ##
#..#....#............# #.
#..#.....##..........# #.
#.......wo...........####.
#.........#..........##...
#########.#.†...........##
#.#..............#
#.###..#####...#.. #@#
#.## #.#.... #.# #.#
#.#.... ... ..# #......
#....### ##..... #<...#
#...... #..... #.#....
#....## #...... #....#
....... ..#.#...


You could see an orc priest and a dart slug.


Message History

You hit the quokka but do no damage.
The quokka is poisoned.
You constrict the quokka. The goblin hits you with a +0 dagger.
The quokka bites you.
HP[-3]
You take 3 damage, and now have 16/29 hp.
You hit the quokka.
You kill the quokka!
The goblin hits you but does no damage.
You hit the goblin. Your grab misses the goblin.
The goblin hits you with a +0 dagger.
* * * LOW HITPOINT WARNING * * *
HP[-4]
You take 4 damage, and now have 12/29 hp.
You closely miss the goblin. You grab the goblin. You constrict the goblin.
You kill the goblin!
You hit Robin but do no damage.
Robin is poisoned.
You grab Robin. You constrict Robin. Robin misses you.
You hit Robin.
Robin looks as sick as possible!
You constrict Robin, but do no damage. Robin hits you with a +0 club.
* * * LOW HITPOINT WARNING * * *
HP[-2]
You take 2 damage, and now have 10/29 hp.
You hit Robin.
Robin looks as sick as possible!
You squeeze Robin, but do no damage. You constrict Robin.
Robin closely misses you.
You completely miss Robin. You squeeze Robin. You constrict Robin.
You kill Robin!
Your Fighting skill increases to level 2!
Your Unarmed Combat skill increases to level 4!
k - a wand of digging (1)
Items here: ))) [[ ††.
Okay, then.
You start resting.
HP[+19]
Your hp is fully restored (29).
There is a stone staircase leading down here.
Found a stone staircase leading up.
e - 2 scrolls labelled SEOTHE MAIRAJ (gained 1)
Things that are here:
a +0 ring mail; a +0 club {mace}; a +0 club {mace}
Found an escape hatch in the floor.
d - 2 bubbling coppery potions (gained 1)
A ball python comes into view.
The ball python hisses angrily.
The ball python barely misses you. The ball python grabs you.
The ball python constricts you.
HP[-1]
You take 1 damage, and now have 28/29 hp.
You barely miss the ball python. You grab the ball python.
You squeeze the ball python.
You kill the ball python!
You see here a ball python corpse.
HP[+1]
Your hp is fully restored (29).
A dart slug comes into view.
You see here a +0 hand axe {axe}.
An orc comes into view. It is wielding a +0 dagger of venom.
The orc shouts!
You hear a shout!
An orc comes into view. It is wielding a +0 hand axe.
An orc comes into view. It is wielding a +0 short sword.
An orc priest comes into view.
It is wielding a +2 flail of protection.
The orc priest looks braver for a moment.
The dart slug launches a dart at you. The slug dart hits you.
HP[-6]
You take 6 damage, and now have 23/29 hp.
MASSIVE DAMAGE!! (PAUSE)
A quokka comes into view.
The dart slug closely misses you.
An orc comes into view. It is wielding a +0 short sword.
The orc moves out of view.
HP[+1]
You closely miss the quokka. You grab the quokka. You squeeze the quokka.
You constrict the quokka. The quokka misses you.
The orc priest mumbles some strange prayers to Beogh against you.
Beogh smites you! The quokka bites you.
* * * LOW HITPOINT WARNING * * *
You hear a shout!
HP[-10]
You take 10 damage, and now have 14/29 hp.
MASSIVE DAMAGE!! (PAUSE)
You hit the quokka but do no damage.
The quokka is poisoned.
You squeeze the quokka, but do no damage.
You constrict the quokka.
You kill the quokka!
You hear a shout!
The orc priest mumbles some strange prayers to Beogh against you.
Beogh smites you!
* * * LOW HITPOINT WARNING * * *
HP[-11]
You take 11 damage, and now have 3/29 hp.
MASSIVE DAMAGE!! (PAUSE)
Found an escape hatch in the ceiling.
The dart slug launches a dart at you. The slug dart misses you.
The orc priest calls down the wrath of Beogh upon you.
You barely resist.
The orc priest calls down the wrath of Beogh upon you.
Pain shoots through your body!
You die...

Skill      XL: |  1  2  3  4 |
---------------+-------------+-----
Stealth        | 1 2 |  2.2
Fighting       | 2 |  2.0
Unarmed Combat | 4 |  4.0
Dodging        | |  2.4
Spellcasting   | |  2.0
Transmutations | |  2.6

Action                   |  1- 3 |  4- 6 || total
-------------------------+-------+-------++-------
Melee: Unarmed           |    70 |     6 ||    76
       Kick              |    21 |     7 ||    28
       Constrict         |    15 |    17 ||    32
       Tentacles         |     7 |    17 ||    24
       Punch             |     2 |     1 ||     3
       Dagger            |       |    42 ||    42
 Cast: Beastly Appendage |    26 |     6 ||    32
 Stab: Sleeping          |     6 |     2 ||     8
Armor: Skin              |     6 |     5 ||    11
Dodge: Dodged            |    42 |    24 ||    66

Levels and vault maps discovered:
D:1:      dpeg_arrival_orchard, layout_loops_ring,
          hellmonk_ecumenical_altar_pennies_from_heaven, minivault_14
D:2:      layout_loops_corners
D:3:      layout_rooms, zin_angel, minmay_misc_feat_chi, st_stairs_5,
          uniq_robin, uniq_natasha

Notes
Turn   | Place    | Note
-------+----------+-------------------------------------------
     0 | D:1      | zeratav the Octopode Transmuter began the quest for the
                  | Orb.
     0 | D:1      | Reached XP level 1. HP: 13/13 MP: 3/3
     0 | D:1      | magus.rc [v1.9.6]
   237 | D:1      | Reached XP level 2. HP: 18/18 MP: 3/5
   270 | D:1      | Found a faded altar of an unknown god.
   523 | D:1      | Reached skill level 1 in Stealth
   926 | D:2      | Reached XP level 3. HP: 22/23 MP: 4/6
  1511 | D:2      | You pick up a book of Spectacle and begin reading...
  1511 | D:2      | You add the spells Dazzling Flash, Iskenderun's Mystic
                  | Blast and Starburst to your library.
  1675 | D:2      | Reached XP level 4. HP: 24/29 MP: 5/7
  2449 | D:3      | Found a glowing silver altar of Zin.
  2449 | D:3      | Noticed an angel
  2473 | D:3      | Noticed Robin
  2563 | D:3      | Reached skill level 2 in Stealth
  2577 | D:3      | HP: 5/29 [goblin/+0 club[Robin] (5)]
  3076 | D:3      | Killed Robin
  3077 | D:3      | Reached skill level 2 in Fighting
  3077 | D:3      | Reached skill level 4 in Unarmed Combat
  3363 | D:3      | HP: 3/29 [orc priest/divine providence (11)]
  3370 | D:3      | Killed from afar by an orc priest

Vanquished Creatures
  Robin (D:3)
  2 adders (D:2)
  2 worms (D:2)
  3 dart slugs
  3 ball pythons (D:3)
  4 endoplasms
  2 giant cockroaches
  12 goblins
  5 hobgoblins
  5 jackals
  2 kobolds (D:2)
  3 quokkas
  3 bats (D:1)
  4 frilled lizards
  6 rats
57 creatures vanquished.

Table legend:
 A = Non-vault XP
 B = Vault XP
 C = Vault XP percentage of total XP
 D = Non-vault monster count
 E = Vault monster count
 F = Vault count percentage of total count
                 A         B        C        D         E       F
            +---------+---------+-------+---------+---------+-------
      Total |     107 |      39 |  26.7 |      43 |      14 |  24.6
            +---------+---------+-------+---------+---------+-------
        D:1 |      31 |       0 |   0.0 |      18 |       0 |   0.0
        D:2 |      61 |       1 |   1.6 |      17 |       1 |   5.6
        D:3 |      15 |      38 |  71.7 |       8 |      13 |  61.9
            +---------+---------+-------+---------+---------+-------

Illustrated notes

Table legend:
 A = Kills in this place as a percentage of kills in entire the game.
 B = Kills by you in this place as a percentage of kills by you in the entire game.
 C = Kills by friends in this place as a percentage of kills by friends in the entire game.
 D = Other kills in this place as a percentage of other kills in the entire game.
 E = Experience gained in this place as a percentage of experience gained in the entire game.
 F = Experience gained in this place divided by the number of levels of this place that you have seen.
                   A       B       C       D       E      F
               +-------+-------+-------+-------+-------+----------------------
         Total | 100.0 | 100.0 |   N/A |   N/A | 100.0 |  48.7
       Dungeon | 100.0 | 100.0 |   N/A |   N/A | 100.0 |  48.7
               +-------+-------+-------+-------+-------+----------------------

Table legend: (Time is in decaauts)
 A = Elapsed time spent in this place.
 B = Non-inter-level travel time spent in this place.
 C = Inter-level travel time spent in this place.
 D = Time resting spent in this place.
 E = Time spent auto-exploring this place.
 F = Levels seen in this place.
 G = Mean time per level.
                   A        B        C        D        E       F      G
               +--------+--------+--------+--------+--------+-----+--------+
         Total |   3365 |   3139 |    226 |    719 |   1951 |   3 | 1121.7 |
       Dungeon |   3365 |   3139 |    226 |    719 |   1951 |   3 | 1121.7 |
               +--------+--------+--------+--------+--------+-----+--------+

Top non-repeatable levels by time:
     D:2: 2030 daAuts
     D:1: 864 daAuts
     D:3: 470 daAuts
